 Dungeon Crawl Stone Soup version 0.28-a0-828-g0121872642 (webtiles) character file.

Game seed: 1203859577713461062

5 spiderkeys the Skirmisher (level 1, -15/14 HPs)
             Began as a Tengu Abyssal Knight on Nov 11, 2021.
             Was a Follower of Lugonu.
             Killed from afar by a purple draconian shifter (26 damage)
             ... with a bolt of dispelling energy
             ... on level 3 of the Abyss.
             The game lasted 00:00:54 (197 turns).

spiderkeys the Skirmisher (Tengu Abyssal Knight)     Turns: 197, Time: 00:00:55

Health: -15/14     AC:  1    Str: 13    XL:     1   Next: 80%
Magic:  3/3        EV: 11    Int: 10    God:    Lugonu [*.....]
Gold:   0          SH:  0    Dex: 14    Spells: 0/0 levels left

rFire   . . .      SeeInvis .   a - +1 spear
rCold   . . .      Faith    .   (no shield)
rNeg    . . .      Spirit   .   b - +0 leather armour
rPois   .          Reflect  .   (helmet restricted)
rElec   .          Harm     .   (no cloak)
rCorr   .          Rampage  .   (no gloves)
Will    .....                   (boots unavailable)
Stlth   +.........              (no amulet)
HPRegen 0.04/turn               (no ring)
MPRegen 0.08/turn               (no ring)

@: brilliant, attractive
A: beak, talons 3, [deformed body]
a: Renounce Religion, Depart the Abyss


You were on level 3 of the Abyss.
You worshipped Lugonu.
Lugonu was aware of your devotion.
You visited 0 branches of the dungeon, and saw 0 of its levels.
You visited the Abyss 1 time.


Innate Abilities, Weirdness & Mutations

You have a beak for a mouth.
You have claws for feet.
[Armour fits poorly on your strangely shaped body.]


   Skills:
 + Level 3.0 Fighting
 + Level 2.3 Polearms
 + Level 2.3 Armour
 + Level 1.2 Dodging
 + Level 1.7 Invocations


You couldn't memorise any spells.
You didn't know any spells.
Your spell library was empty.

Inventory:

Hand Weapons
 a - a +1 spear (weapon)
Armour
 b - a +0 leather armour (worn)

Dungeon Overview and Level Annotations

Branches:
Dungeon (0/15)

Altars:

...≈...§§####
.....≈≈≈≈≈.≈
...≈§≈≈..§§
##.≈§§§.§.. .
#..§≈≈.§Y#
#..#.§§v≈YY#
$....§§v≈Y.#
......≈@≈Y8#
#....§§≈§q.#
...#..≈≈≈YY# #
....≈§§Y.#
#...#.≈§≈..§#
......≈##≈.._.
#...... #≈...$
....... #≈≈.≈


You could see 7 dire elephants, a purple draconian shifter (catching breath), an
elephant and 2 spatial vortices.


Message History

🤖 Initializing magus.rc ... ✅ Successfully initialized magus.rc [v1.9.10] Welcome, spiderkeys the Tengu Abyssal Knight.
You feel drawn to the Orb of Zot, downwards into the unfathomable depths...
Lugonu says: Depart the Abyss and spread corruption, my servant! (use the ability menu to exit the Abyss) Press ? for a list of commands and other information.
Found a corrupted altar of Lugonu.
Found a gateway leading out of the Abyss.
Found a gateway leading deeper into the Abyss.
Found a gateway leading deeper into the Abyss.
There is a gateway leading deeper into the Abyss here.
There is a gateway leading deeper into the Abyss here.
You plunge deeper into the Abyss.
c - a scroll labelled TUTWAD VANEAR An ufetubus comes into view.
The ufetubus shouts!
You see here 29 gold pieces.
The ufetubus hits you. x2 😕 HP[-3]
You take 3 damage, and now have 11/14 hp.
MASSIVE DAMAGE!! (PAUSE)
The ufetubus hits you.
The ufetubus barely misses you. 😮 HP[-1]
You take 1 damage, and now have 10/14 hp.
The ufetubus closely misses you. x2 😕 HP[+1]
You see here a staff of death {!a}.
Blink to where?
Press: ? - help, Dir - move target
As you read the scroll labelled TUTWAD VANEAR, it crumbles to dust.
It was a scroll of blinking.
Reach: a) +1 spear
Press: ? - help, Dir - move target, f - ufetubus
Aim: an ufetubus (about 52% to evade your +1 spear)
You reach to attack!
You hit the ufetubus. The ufetubus barely misses you.
The ufetubus hits you. 😮 HP[-1]
You take 1 damage, and now have 10/14 hp.
You hit the ufetubus. The ufetubus closely misses you.
The ufetubus hits you but does no damage.
You hit the ufetubus. Your kick misses the ufetubus.
You peck the ufetubus, but do no damage.
The ufetubus closely misses you. The ufetubus hits you.
The ufetubus closely misses you.
The ufetubus barely misses you. 😮 HP[-1]
You take 1 damage, and now have 9/14 hp.
You closely miss the ufetubus. Your kick misses the ufetubus.
You peck the ufetubus.
You kill the ufetubus!
c - a scroll labelled WUCUAWK TIETS 😮 HP[+1]
As you read the scroll labelled WUCUAWK TIETS, it crumbles to dust.
It is a scroll of identify.
You don't have any unidentified items.
Unknown command.
c - a yellow potion 😕 HP[+1]
An apocalypse crab comes into view.
d - a sapphire potion
Found a gateway leading deeper into the Abyss.
A wretched star comes into view.
The wretched star pulses with an eldritch light!
Your body twists and deforms.
There is a gateway leading deeper into the Abyss here.
You plunge deeper into the Abyss.
The abyssal rune of Zot can be found at this depth.
The dire elephant trumpets! x5; The elephant trumpets!
The hellephant trumpets!
Found 52 gold pieces.
Found a corrupted altar of Lugonu.
You aren't carrying any scrolls.
It was a potion of attraction.
You feel attractive to monsters.
The hellephant blinks!
The dire elephant is attracted toward you.
The spatial vortex is attracted toward you.
The dire elephant is attracted toward you.
The spatial vortex is attracted toward you.
The elephant is attracted toward you.
The dire elephant is attracted toward you. x2
It was a potion of brilliance.
You feel clever all of a sudden.
The dire elephant trumpets!
The dire elephant is attracted toward you.
Why would you want to do that?
You barely miss the spatial vortex. You barely miss the spatial vortex.
You claw the spatial vortex. You peck the spatial vortex.
The purple draconian shifter breathes dispelling energy at you.
The bolt of dispelling energy hits you!!
Your magical effects are unravelling.
Ouch! That really hurt!
You die...

Action                   || total
-------------------------++-------
Melee: Spear             ||     6
       Peck              ||     3
       Kick              ||     1
  Use: Scroll            ||     2
       Potion            ||     2
Armor: Leather armour    ||     1
Dodge: Dodged            ||     8

Levels and vault maps discovered:
Abyss:3:  base: Temple, minivault_1, evilmike_abyss_exit_kraken,
          evilmike_abyss_rune_elephants_shrine, evilmike_abyss_exit_7

Notes
Turn   | Place    | Note
-------+----------+-------------------------------------------
     0 | Abyss:1  | spiderkeys the Tengu Abyssal Knight began the quest for the
                  | Orb.
     0 | Abyss:1  | Reached XP level 1. HP: 14/14 MP: 3/3
     0 | Abyss:1  | magus.rc [v1.9.10]
   179 | Abyss:2  | Noticed an apocalypse crab
   188 | Abyss:2  | Noticed a wretched star
   193 | Abyss:3  | Noticed a dire elephant
   193 | Abyss:3  | Noticed a dire elephant
   193 | Abyss:3  | Noticed a spatial vortex
   193 | Abyss:3  | Noticed a dire elephant
   193 | Abyss:3  | Noticed a purple draconian shifter
   193 | Abyss:3  | Noticed a dire elephant
   193 | Abyss:3  | Noticed a spatial vortex
   193 | Abyss:3  | Noticed a dire elephant
   193 | Abyss:3  | Noticed an elephant
   193 | Abyss:3  | Noticed a hellephant
   193 | Abyss:3  | Found a corrupted altar of Lugonu.
   194 | Abyss:3  | Noticed a dire elephant
   194 | Abyss:3  | Noticed a dire elephant
   197 | Abyss:3  | Killed from afar by a purple draconian shifter

Vanquished Creatures
  An ufetubus (Abyss:2)
1 creature vanquished.

Table legend:
 A = Non-vault XP
 B = Vault XP
 C = Vault XP percentage of total XP
 D = Non-vault monster count
 E = Vault monster count
 F = Vault count percentage of total count
                 A         B        C        D         E       F
            +---------+---------+-------+---------+---------+-------
      Total |       8 |       0 |   0.0 |       1 |       0 |   0.0
            +---------+---------+-------+---------+---------+-------
    Abyss:2 |       8 |       0 |   0.0 |       1 |       0 |   0.0
            +---------+---------+-------+---------+---------+-------

Illustrated notes

Table legend:
 A = Kills in this place as a percentage of kills in entire the game.
 B = Kills by you in this place as a percentage of kills by you in the entire game.
 C = Kills by friends in this place as a percentage of kills by friends in the entire game.
 D = Other kills in this place as a percentage of other kills in the entire game.
 E = Experience gained in this place as a percentage of experience gained in the entire game.
 F = Experience gained in this place divided by the number of levels of this place that you have seen.
                   A       B       C       D       E      F
               +-------+-------+-------+-------+-------+----------------------
         Total | 100.0 | 100.0 |   N/A |   N/A | 100.0 |   2.7
         Abyss | 100.0 | 100.0 |   N/A |   N/A | 100.0 |   2.7
               +-------+-------+-------+-------+-------+----------------------

Table legend: (Time is in decaauts)
 A = Elapsed time spent in this place.
 B = Non-inter-level travel time spent in this place.
 C = Inter-level travel time spent in this place.
 D = Time resting spent in this place.
 E = Time spent auto-exploring this place.
 F = Levels seen in this place.
 G = Mean time per level.
                   A        B        C        D        E       F      G
               +--------+--------+--------+--------+--------+-----+--------+
         Total |    196 |    196 |      0 |      0 |     91 |   3 |   65.3 |
         Abyss |    196 |    196 |      0 |      0 |     91 |   3 |   65.3 |
               +--------+--------+--------+--------+--------+-----+--------+

Top non-repeatable levels by time:
 Abyss:2: 123 daAuts
 Abyss:1: 69 daAuts
 Abyss:3: 3 daAuts
